 Dungeon Crawl Stone Soup version 0.23-a0-650-ga4d50d4 (webtiles) character file.

133 Blackhawk the Chucker (level 4, -2/40 HPs)
             Began as a Minotaur Hunter on Jan 4, 2019.
             Was a Follower of Sif Muna.
             Slain by a kobold
             ... wielding a +0 spear of flaming
              (4 damage)
             ... on level 3 of the Dungeon.
             The game lasted 00:06:02 (3154 turns).

Blackhawk the Chucker (Minotaur Hunter)             Turns: 3154, Time: 00:06:03

Health: -2/40      AC:  3    Str: 17    XL:     4   Next: 93%
Magic:  3/3        EV: 12    Int:  8    God:    Sif Muna [*.....]
Gold:   65         SH:  0    Dex: 11    Spells: 3/3 levels left

rFire    . . .     SeeInvis .   a - +0 short sword
rCold    . . .     Gourm    .   (no shield)
rNeg     . . .     Faith    .   b - +0 leather armour
rPois    .         Spirit   .   (helmet restricted)
rElec    .         Reflect  .   (no cloak)
rCorr    .         Harm     .   (no gloves)
MR       .....                  (no boots)
Stlth    ++........             (no amulet)
HPRegen  0.13/turn              (no ring)
MPRegen  0.08/turn              (no ring)

@: lethally poisoned (-2 -> -4)
A: retaliatory headbutt, horns 2
a: Divine Energy, Renounce Religion


You were on level 3 of the Dungeon.
You worshipped Sif Muna.
Sif Muna was aware of your devotion.
You were not hungry.

You visited 1 branch of the dungeon, and saw 3 of its levels.

You collected 65 gold pieces.

Inventory:

Hand Weapons
 a - a +0 short sword (weapon)
Missiles
 c - 6 javelins (quivered)
 d - 2 throwing nets
 q - 104 stones
Armour
 b - a +0 leather armour (worn)
Jewellery
 n - an uncursed ring of protection from magic {unknown}
 p - an uncursed ring of wizardry {unknown}
Scrolls
 e - 4 scrolls of teleportation {unknown}
 j - a scroll of remove curse {unknown}
 l - 5 scrolls of identify {unknown}
 m - a scroll of magic mapping {unknown}
 s - a scroll of enchant armour {unknown}
 t - a scroll of random uselessness {unknown}
Potions
 g - a potion of mutation {unknown}
 h - 2 potions of might {unknown}
 i - 3 potions of haste {unknown}
 k - 3 potions of agility {unknown}
 r - a potion of berserk rage {unknown}
Comestibles
 f - 4 rations
 o - 3 chunks of flesh


   Skills:
 + Level 3.7 Fighting
 + Level 4.6 Throwing
 + Level 3.3 Dodging
 - Level 2.1 Stealth
 + Level 0.1 Spellcasting


You had 3 spell levels left.
You didn't know any spells.
Your spell library was empty.

Dungeon Overview and Level Annotations

Branches:
Dungeon (3/15)

Altars:
Cheibriados
Fedhas
Qazlal
Sif Muna
Xom
The Shining One


Innate Abilities, Weirdness & Mutations

You reflexively headbutt those who attack you in melee.
You have a pair of horns on your head.


Message History

Sif Muna accepts your kill.
You feel sick. The kobold barely misses you.
The kobold hits you from afar with a +0 spear of flaming.
The kobold burns you.
You hit the iguana but do no damage. Your headbutt misses the iguana.
The iguana is heavily wounded.
The iguana closely misses you. The kobold hits you but does no damage.
You barely miss the iguana. Your headbutt misses the iguana.
The iguana is heavily wounded.
You feel sick. The iguana bites you!
* * * LOW HITPOINT WARNING * * *
The kobold closely misses you. The iguana bites you.
* * * LOW HITPOINT WARNING * * *
You completely miss the iguana.
The iguana is heavily wounded.
The kobold barely misses you. The iguana closely misses you.
You completely miss the iguana.
The iguana is heavily wounded.
The kobold hits you from afar with a +0 spear of flaming.
You die...

#
#.....####.#
# #.#####
#.## #
#####..# #..#
# ##⌠≈#..⌠
##.# #
#.⌠..#.≈###.#
#
.#%.⌠...≈#.#
≈##⌠≈..#.##.#
..#....≈#.#.#
#....####@#
#≈≈#†((S#l#
##.≈...≈K.#
._...≈#.≈≈###
#.##.≈#≈.##
..#...#.#.
.≈.≈..#..##
.#.##≈##≈##
≈#.. .


You could see an iguana and a kobold.

Vanquished Creatures
  6 adders
  4 worms
  A leopard gecko (D:3)
  3 orcs (D:3)
  3 ball pythons
  2 giant cockroaches
  8 goblins
  6 hobgoblins
  4 jackals (D:2)
  12 bats
  5 frilled lizards
  4 kobolds
  7 rats
65 creatures vanquished.

Notes
Turn   | Place    | Note
-------+----------+-------------------------------------------
     0 | D:1      | Blackhawk the Minotaur Hunter began the quest for the Orb.
     0 | D:1      | Reached XP level 1. HP: 18/18 MP: 0/0
   173 | D:1      | Reached skill level 1 in Stealth
   185 | D:1      | Reached XP level 2. HP: 25/25 MP: 1/1
   894 | D:2      | Found a blossoming altar of Fedhas.
   943 | D:2      | Reached XP level 3. HP: 3/31 MP: 2/2
   951 | D:2      | HP: 1/31 [poisoned by an adder]
  1288 | D:2      | Found a stormy altar of Qazlal.
  1322 | D:2      | Found a snail-covered altar of Cheibriados.
  2074 | D:2      | Reached XP level 4. HP: 14/38 MP: 3/3
  2496 | D:3      | Found a glowing golden altar of the Shining One.
  2853 | D:3      | Found a faded altar of an unknown god.
  2875 | D:3      | Became a worshipper of Sif Muna the Loreminder
  2875 | D:3      | Reached * piety under Sif Muna
  3135 | D:3      | Found a shimmering altar of Xom.
  3152 | D:3      | HP: 2/40 [iguana (5)]
  3154 | D:3      | Slain by a kobold

Vault maps used:
D:1:      onia_arrival_pentagram, chequers_big_river
D:2:      fedhas_altar_2, lemuel_crystal_altar, overflow_temple_1_default,
          minmay_misc_feat_cross, minmay_stone_trees_medium
D:3:      tso_metal_star, chequers_ecumenical_altar_island, tgw_xom

Skill      XL: |  1  2  3  4 |
---------------+-------------+-----
Stealth        | 1 2 |  2.1
Fighting       | 3 |  3.7
Dodging        | 3 |  3.3
Throwing       | |  4.6
Spellcasting   | |  0.1

Action                   |  1- 3 |  4- 6 || total
-------------------------+-------+-------++-------
Melee: Short sword       |   113 |    61 ||   174
       Headbutt          |    13 |     9 ||    22
Throw: Javelin           |     3 |       ||     3
 Stab: Sleeping          |     1 |     1 ||     2
  Eat: Chunk             |     4 |     3 ||     7
Armor: Leather armour    |    33 |    13 ||    46
Dodge: Dodged            |    88 |    59 ||   147

Table legend:
 A = Non-vault XP
 B = Vault XP
 C = Vault XP percentage of total XP
 D = Non-vault monster count
 E = Vault monster count
 F = Vault count percentage of total count
                 A         B        C        D         E       F
            +---------+---------+-------+---------+---------+-------
      Total |     174 |      16 |   8.4 |      62 |       3 |   4.6
            +---------+---------+-------+---------+---------+-------
        D:1 |      26 |       0 |   0.0 |      19 |       0 |   0.0
        D:2 |      85 |       0 |   0.0 |      25 |       0 |   0.0
        D:3 |      63 |      16 |  20.3 |      18 |       3 |  14.3
            +---------+---------+-------+---------+---------+-------
